 Dungeon Crawl Stone Soup version 0.16-a0-1132-gad589c6 (webtiles) character file.

557 RobertPalmer the Cutter (level 7, 0/69 HPs)
             Began as an Octopode Monk on Oct 7, 2014.
             Was a Follower of Ru.
             Succumbed to a centaur's poison
             ... on level 5 of the Dungeon.
             The game lasted 00:12:12 (5322 turns).

RobertPalmer the Cutter (Octopode Monk)             Turns: 5322, Time: 00:12:13

Health: 0/69       AC: 23    Str: 10      XL:     7   Next: 30%
Magic:  7/7        EV:  2    Int: 17 (20) God:    Ru [*.....]
Gold:   201        SH:  6    Dex: 19      Spells: 0 memorised, 6 levels left

rFire  + . .     SeeInvis .     a - +0 short sword (distort)
rCold  + . .     Clarity  .     t - +2 buckler
rNeg   + + +     SustAb   .     (helmet currently unavailable)
rPois  +         Gourm    .     (no amulet)
rElec  +         Spirit   .     c - ring of protection from magic
rCorr  +         Warding  .     k - ring of wizardry
rMut   .         NoTele   +     (ring currently unavailable)
MR     +....                    (ring currently unavailable)
Stlth  ++++......               (ring currently unavailable)
                                (ring currently unavailable)
                                (ring currently unavailable)
                                (ring currently unavailable)

@: brilliant, agile, lethally poisoned, tree-form, resistant, somewhat resistant
to hostile enchantments, stealthy
A: almost no armour, amphibious, (8 rings), (constrict 8), (camouflage 0),
(gelatinous body 0), hated by all
a: Renounce Religion


You were on level 5 of the Dungeon.
You worshipped Ru.
Ru was aware of your devotion.
You were hungry.
You were a tree.
You visited 2 branches of the dungeon, and saw 6 of its levels.

You collected 201 gold pieces.


Innate Abilities, Weirdness & Mutations

You cannot wear most types of armour.
You are amphibious.
((You can wear up to eight rings at the same time.))
((You can use your tentacles to constrict many enemies at once.))
((Your skin changes colour to match your surroundings (Stealth).))
((Your rubbery body absorbs attacks (AC +1).))
You are hated by all.


   Skills:
 - Level 3.0 Fighting
 + Level 6.0 Short Blades
 - Level 5.2 Dodging
 - Level 2.6 Stealth
 - Level 4.0 Unarmed Combat


You had 6 spell levels left.
You didn't know any spells.

Inventory:

Hand weapons
 a - a +0 short sword of distortion (weapon)
Missiles
 i - 7 tomahawks (quivered)
Armour
 t - a +2 buckler (worn)
Comestibles
 b - 3 bread rations
 h - a royal jelly
 o - 3 meat rations
Scrolls
 m - 3 scrolls of remove curse
 n - a scroll of enchant weapon {unknown}
 p - a scroll of teleportation {unknown}
 q - a scroll of identify
 s - a scroll of fog {unknown}
Jewellery
 c - a ring of protection from magic (left branch)
 k - a ring of wizardry (right branch)
Potions
 r - 2 potions of resistance

Dungeon Overview and Level Annotations

Branches:
Dungeon (5/15)             Temple (1/1) D:4

Altars:
Cheibriados
Dithmenos
Elyvilon
Fedhas
Gozag
Kikubaaqudgha
Makhleb
Okawaru
Qazlal
Ru
Yredelemnul
Zin
The Shining One

.....######.#.#####.##.#
......+..............##.#
.......######.#.#####.##.#
.......# #.#.########.#
#.........# #.#..........#
#.........######.##########.###
'........h.c(co#.#.............
..........(##h#.#......#####.#
###
#.........##♣#.#..###........
..#
#.........#..#....#########.#
..#
#......?..#.P.P.............#
..#
#.........#P.PPP#.#########.#
>.# #.#########%P_P.#.# ###
..###..o...o...PPP.P..#
.....o........[.P.P..##
.....[.........#.#####
######.#########.#


You could see an orc warrior, a centaur and a hound.


Message History

* * * LOW HITPOINT WARNING * * *
You feel sick. The hound bites you.
* * * LOW HITPOINT WARNING * * *
The hound bites you.
* * * LOW HITPOINT WARNING * * *
Drink which item? (? for menu, Esc to quit)
There was something very wrong with that liquid!
You feel dopey.
It was a potion of degeneration.
* * * LOW HITPOINT WARNING * * *
You feel sick. The hound closely misses you.
Drink which item? (? for menu, Esc to quit)
You turn into a tree.
Your roots penetrate the ground.
It was a potion of lignification.
* * * LOW HITPOINT WARNING * * *
You feel sick. The hound bites you but does no damage.
The hound bites you but does no damage.
Drink which item? (? for menu, Esc to quit)
Your roots keep you in place.
It was a potion of flight.
* * * LOW HITPOINT WARNING * * *
You feel sick. You block the hound's attack.
Drink which item? (? for menu, Esc to quit)
It has a very clean taste.
It was a potion of cure mutation.
* * * LOW HITPOINT WARNING * * *
You feel sick. The hound bites you but does no damage.
The hound bites you but does no damage.
Drink which item? (? for menu, Esc to quit)
You feel agile all of a sudden.
It was a potion of agility.
You die...

Action                   |  1- 3 |  4- 6 |  7- 9 || total
-------------------------+-------+-------+-------++-------
Melee: Unarmed           |    65 |    12 |       ||    77
       Short sword       |       |   136 |    21 ||   157
Throw: Tomahawk          |    25 |     6 |       ||    31
Invok: Sacrifice Love    |       |     1 |       ||     1
  Use: Scroll            |     3 |     5 |       ||     8
       Potion            |       |       |     7 ||     7
 Stab: Sleeping          |     2 |    15 |       ||    17
       Distracted        |       |     1 |     1 ||     2
  Eat: Chunk             |     1 |    11 |     1 ||    13

Vault maps used:
D:1:      dpeg_arrival_central, st_stairs_1
D:2:      grunt_ministairs_15
D:3:      first_bread, elyvilon_altar_4
D:4:      lemuel_doored_altar, minmay_temple_entry_grid
D:5:      nicolae_gozag_cash_rules_everything_around_me, fedhas_altar_3,
          uniq_edmund
Temple:   circular_temple_13

Notes
Turn   | Place    | Note
--------------------------------------------------------------
     0 | D:1      | RobertPalmer, the Octopode Monk, began the quest for the Orb.
     0 | D:1      | Reached XP level 1. HP: 16/16 MP: 1/1
   318 | D:1      | Reached XP level 2. HP: 21/21 MP: 2/2
   774 | D:1      | Reached skill level 4 in Dodging
   774 | D:1      | Reached XP level 3. HP: 26/26 MP: 3/3
  1315 | D:2      | Reached XP level 4. HP: 13/31 MP: 4/4
  1913 | D:2      | Reached skill level 5 in Dodging
  2078 | D:3      | Found a white marble altar of Elyvilon.
  2295 | D:3      | HP: 3/31 [quokka (4)]
  2296 | D:3      | HP: 1/31 [quokka (2)]
  2879 | D:3      | Reached skill level 1 in Short Blades
  2879 | D:3      | Reached XP level 5. HP: 34/36 MP: 5/5
  2881 | D:3      | Reached skill level 2 in Short Blades
  3447 | D:4      | Reached skill level 3 in Short Blades
  3634 | D:4      | Found a staircase to the Ecumenical Temple.
  3647 | D:4      | Reached XP level 6. HP: 31/42 MP: 6/6
  3677 | Temple   | Entered the Ecumenical Temple
  3688 | Temple   | Became a worshipper of Ru the Awakened
  3701 | D:4      | Gained mutation: You are hated by all. [Ru sacrifice]
  3701 | D:4      | Acquired Ru's first power
  3875 | D:4      | Reached skill level 4 in Short Blades
  3882 | D:4      | Found a burning altar of Makhleb.
  3991 | D:4      | Noticed an ogre
  4169 | D:5      | Entered Level 5 of the Dungeon
  4279 | D:5      | Found a blossoming altar of Fedhas.
  4510 | D:5      | Found an opulent altar of Gozag.
  4813 | D:5      | Noticed Edmund
  4822 | D:5      | Killed Edmund
  4822 | D:5      | Reached skill level 5 in Short Blades
  4822 | D:5      | Reached XP level 7. HP: 17/46 MP: 7/7
  5279 | D:5      | Reached skill level 6 in Short Blades
  5280 | D:5      | Identified 3 potions of resistance
  5317 | D:5      | HP: 3/46 [hound (5)]
  5321 | D:5      | HP: 1/69 [poisoned by a centaur]
  5322 | D:5      | Succumbed to a centaur's poison

Vanquished Creatures
  Edmund (D:5)
  A giant frog (D:5)
  A jelly (D:5)
  An orc priest (D:3)
  3 orc wizards
  2 worker ants
  A big kobold skeleton (D:5)
  An adder (D:5)
  A steam dragon skeleton (D:5)
  A giant mite (D:1)
  4 worms
  6 giant geckos
  An ooze (D:3)
  14 orcs
  A ball python (D:2)
  15 goblins
  8 hobgoblins
  4 jackals (D:2)
  4 quokkas
  9 bats
  6 giant cockroaches
  4 giant newts
  12 kobolds
  A quokka skeleton (D:5)
  10 rats
  A fungus (D:5)
113 creatures vanquished.

Vanquished Creatures (others)
  An orc wizard (D:4)
  2 orcs (D:4)
  A hobgoblin (D:3)
  A goblin (D:3)
  3 fungi (D:5)
8 creatures vanquished.

Grand Total: 121 creatures vanquished
